 Dungeon Crawl Stone Soup version 0.18.1-8-gdd0e5ea (webtiles) character file.

42 Nanban the Grave Robber (level 3, -11/45 HPs)
             Began as a Draconian Wanderer on May 29, 2016.
             Mangled by Crazy Yiuf
             ... wielding a +2 quarterstaff of chaos
              (18 damage)
             ... on level 2 of the Dungeon.
             The game lasted 00:15:44 (2057 turns).

Nanban the Grave Robber (Draconian Wanderer)        Turns: 2057, Time: 00:15:45

Health: -11/45     AC: 24    Str: 15    XL:     3   Next: 35%
Magic:  5/5        EV:  2    Int: 15    God:
Gold:   71         SH:  7    Dex:  7    Spells: 1 memorised, 4 levels left

rFire  . . .     SeeInvis .     d - +0 club
rCold  . . .     Gourm    .     (armour unavailable)
rNeg   + + +     Faith    .     n - +1 shield {AC+3}
rPois  +         Spirit   .     (helmet currently unavailable)
rElec  .         Dismiss  .     (cloak currently unavailable)
rCorr  .         Reflect  .     (gloves currently unavailable)
SustAt .         Harm     .     (boots currently unavailable)
MR     .....     NoTele   +     (no amulet)
Stlth  +.........               (no ring)
                                (no ring)

@: tree-form, very slightly contaminated, drained, not resistant to hostile
enchantments, very unstealthy
A: unfitting armour, (cold-blooded), AC +5
a: no special abilities


You were on level 2 of the Dungeon.
You were hungry.
You were a tree.
You visited 1 branch of the dungeon, and saw 2 of its levels.

You collected 71 gold pieces.

Inventory:

Hand Weapons
 d - a +0 club (weapon)
Missiles
 p - 49 stones (quivered)
Armour
 h - a +0 buckler
 l - a cursed +0 helmet
 n - a +1 shield of protection (worn)
Jewellery
 i - an uncursed ring of protection from magic {unknown}
Scrolls
 e - a scroll of blinking
 j - a scroll of noise {unknown}
 k - a scroll of enchant armour {unknown}
 m - a scroll of remove curse {unknown}
 r - a scroll of teleportation {unknown}
 s - a scroll of amnesia {unknown}
Potions
 g - a potion of agility {unknown}
Books
 a - a book of Minor Magic

   Spells                             Type                      Level
   a - Magic Dart                     Conjuration                  1
   b - Blink                          Translocation                2
   c - Call Imp                       Summoning                    2
   d - Repel Missiles                 Charms/Air                   2
   e - Slow                           Hexes                        2
   f - Conjure Flame                  Conjuration/Fire             3
   g - Mephitic Cloud                 Conjuration/Poison/Air       3
 b - Maof's Tome of Conjuration

   Spells                             Type                      Level
   a - Shock                          Conjuration/Air              1
   b - Conjure Flame                  Conjuration/Fire             3
Comestibles
 f - a bread ration
 q - a meat ration


   Skills:
 + Level 2.5(1.9) Fighting
 - Level 0.4(0.0) Maces & Flails
 - Level 1.7(1.2) Throwing
 + Level 1.1(0.6) Dodging
 + Level 1.0(0.5) Stealth
 * Level 0.6(0.1) Shields
 * Level 1.5(1.0) Spellcasting
 * Level 1.3(0.7) Conjurations
   Level 1.0(0.5) Summonings
   Level 3.0(2.4) Necromancy


You had 4 spell levels left.
You knew the following spells:

 Your Spells              Type           Power        Failure   Level  Hunger
a - Shock                 Conj/Air       #...         97%         1    ##.....


Dungeon Overview and Level Annotations

Branches:
Dungeon (2/15)

Altars:
Qazlal

Annotations:
D:2 Crazy Yiuf


Innate Abilities, Weirdness & Mutations

((Your plain brown scales are hard (AC +5).))
Your body does not fit into most forms of armour.
((You are cold-blooded and may be slowed by cold attacks.))


Message History

You block Crazy Yiuf's attack.
You turn into a tree.
Your roots penetrate the ground.
Crazy Yiuf hits you but does no damage.
You hit Crazy Yiuf.
Crazy Yiuf is moderately wounded.
You block Crazy Yiuf's attack.
You hit Crazy Yiuf but do no damage.
Crazy Yiuf is moderately wounded.
Crazy Yiuf completely misses you.
Crazy Yiuf hits you with a quarterstaff of chaos.
Crazy Yiuf burns you.
You hit Crazy Yiuf.
Crazy Yiuf is moderately wounded.
Crazy Yiuf hits you with a quarterstaff of chaos.
You hit Crazy Yiuf but do no damage.
Crazy Yiuf is moderately wounded.
Crazy Yiuf hits you with a quarterstaff of chaos!
* * * LOW HITPOINT WARNING * * *
You are electrocuted!
You die...

#.###########.#
####.#### #.#
#.......# #.#
#.#####.# #####.#
#.# #.# #.....#
#.# #.####......
#.# #...........
#g#####.###.......
#♣.......##......#
#.###..#.##.######
#.###..#.##.#
#...........#
########.####
########.##
#.........##
#.#####....#######
#.# #............


You could see Crazy Yiuf.

Vanquished Creatures
  4 dart slugs (D:1)
  3 giant cockroaches
  3 hobgoblins (D:1)
  6 jackals
  4 bats (D:1)
  3 giant newts
  2 goblins (D:1)
  2 kobolds (D:1)
  8 rats
35 creatures vanquished.

Notes
Turn   | Place    | Note
--------------------------------------------------------------
     0 | D:1      | Nanban the Draconian Wanderer began the quest for the Orb.
     0 | D:1      | Nanban set off with: a book of Minor Magic, Maof's Tome of Conjuration, a potion of lignification, a +0 club, a bread ration
     0 | D:1      | Reached XP level 1. HP: 17/17 MP: 2/2
     3 | D:1      | Learned a level 1 spell: Shock
   308 | D:1      | Reached skill level 1 in Conjurations
   338 | D:1      | Identified Maof's Tome of Conjuration
   418 | D:1      | Reached XP level 2. HP: 21/24 MP: 2/4
  1420 | D:1      | Reached skill level 1 in Dodging
  1420 | D:1      | Reached XP level 3. HP: 22/30 MP: 5/5
  1770 | D:2      | Found a stormy altar of Qazlal.
  1951 | D:2      | Noticed Crazy Yiuf
  2057 | D:2      | Mangled by Crazy Yiuf

Skill      XL: |  1  2 |
---------------+-------+-----
Conjurations   | 1 |  1.3
Dodging        | 1 |  1.1
Fighting       | |  2.5
Maces & Flails | |  0.4
Throwing       | |  1.7
Stealth        | |  1.0
Shields        | |  0.6
Spellcasting   | |  1.5
Summonings     | |  1.0
Necromancy     | |  3.0

Action                   || total
-------------------------++-------
Melee: Club              ||   206
       Tailslap          ||     7
 Cast: Shock             ||     9
  Use: Scroll            ||     2
       Potion            ||     1
  Eat: Chunk             ||     4
Armor: Skin              ||   124
Dodge: Dodged            ||   117
Block: Buckler           ||    17
       Shield            ||    71
